 Dungeon Crawl Stone Soup version 0.30-a0-920-g7493c07aab (webtiles) character file.

Game seed: 10658608160288872130

2030 Hubris850 the Chucker (level 9, -1/65 HPs)
             Began as a Demonspawn Gladiator on Mar 21, 2023.
             Slain by a basilisk (4 damage)
             ... while petrified by a basilisk
             ... on level 7 of the Dungeon.
             The game lasted 00:18:45 (5180 turns).

Hubris850 the Chucker (Demonspawn Gladiator)        Turns: 5180, Time: 00:18:46

Health: -1/65      AC: 14    Str: 16    XL:     9   Next: 3%
Magic:  18/18      EV:  2    Int: 12    God:
Gold:   257        SH:  0    Dex: 15    Spells: 8/8 levels left

rFire   . . .      SeeInvis .    s - +5 mace "Bauciuzif" {spect, rElec rPois}
rCold   . . .      Faith    .    (no shield)
rNeg    + + +      Spirit   .    T - +3 ring mail
rPois   ∞          Reflect  .    (helmet unavailable)
rElec   +          Rampage  .    D - +2 cloak {rPois}
rCorr   +                        x - +1 pair of gloves {Stlth+}
Will    .....                    (no boots)
Stlth   ++                       I - amulet of regeneration
HPRegen 1.10/turn                g - ring of magical power
MPRegen 0.16/turn                h - ring of resist corrosion

@: petrified, studying Unarmed Combat
A: horns 3, foul stench 1, spiny 1, weakness stinger 1
a: no special abilities


You were on level 7 of the Dungeon.
You visited 2 branches of the dungeon, and saw 8 of its levels.
You also visited: Sewer.

You collected 337 gold pieces.
You spent 80 gold pieces at shops.

Inventory:

Hand Weapons
 a - a +0 war axe
 s - the +5 mace "Bauciuzif" (weapon) {spect, rElec rPois}
   (You found it on level 3 of the Dungeon)

   rElec:     It insulates you from electricity.
   rPois:     It protects you from poison.
 B - the +5 hammer of Earthquakes {heavy, rC+ Int+5 Dex-4}
   (You found it on level 3 of the Dungeon)

   Int:       It affects your intelligence (+5).
   Dex:       It affects your dexterity (-4).
   rC:        It protects you from cold.
 C - a +4 quarterstaff of chaos
Missiles
 d - 3 throwing nets
 e - a javelin
 w - 8 poisoned darts
 P - a silver boomerang
 Q - a curare-tipped dart
 V - a boomerang (quivered)
Armour
 b - a +0 leather armour
 c - a +0 helmet
 i - a +0 ring mail
 x - a +1 pair of gloves of stealth (worn)
 D - a +2 cloak of poison resistance (worn)
 G - a +0 plate armour of willpower
 T - a +3 ring mail (worn)
 U - a +0 kite shield
Jewellery
 g - a ring of magical power (left hand)
 h - a ring of resist corrosion (right hand)
 I - an amulet of regeneration (around neck)
 J - an amulet of magic regeneration
 N - a +6 ring of intelligence
 S - a ring of protection from cold
Wands
 K - a wand of polymorph (8)
Scrolls
 j - 3 scrolls of poison
 l - 3 scrolls of enchant weapon
 n - 2 scrolls of enchant armour
 r - 5 scrolls of blinking {unknown}
 t - a scroll of summoning
 y - 2 scrolls of fear
 E - 3 scrolls of teleportation {unknown}
 H - 4 scrolls of immolation {unknown}
 L - a scroll of fog {unknown}
 M - a scroll of brand weapon {unknown}
 O - a scroll of noise {unknown}
 R - a scroll of amnesia {unknown}
Potions
 f - 4 potions of heal wounds
 k - 3 potions of mutation
 m - a potion of flight {unknown}
 o - a potion of might
 p - a potion of resistance {unknown}
 q - a potion of attraction {unknown}
 u - 5 potions of curing {unknown}
 v - a potion of berserk rage {unknown}
 z - a potion of magic {unknown}
 A - a potion of invisibility {unknown}
 F - a potion of brilliance {unknown}


   Skills:
 - Level 4.0 Fighting
 - Level 3.1(4.9) Axes
 + Level 5.9(6.3) Maces & Flails
 + Level 6.5 Throwing
 - Level 4.0 Armour
 - Level 4.0 Dodging


You had 8 spell levels left.
You didn't know any spells.
Your spell library contained the following spells:

 Spells                   Type           Power      Damage    Failure   Level
 Beastly Appendage        Tmut           0%         N/A       52%         1
 Wereblood                Tmut           0%         N/A       65%         2
 Ignite Poison            Fire/Tmut/Pois 0%         N/A       87%         3
 Kindle Blastsparks       Fire/Tloc/Air  0%         2d10      87%         3
 Spider Form              Tmut/Pois      0%         N/A       87%         3
 Freezing Cloud           Conj/Ice/Air   0%         6-21      100%        5
 Chain Lightning          Conj/Air       0%         N/A       100%        9
 Fire Storm               Conj/Fire      0%         5d1       100%        9
 Shatter                  Erth           0%         3d5*      100%        9


Dungeon Overview and Level Annotations

Branches:
Dungeon (7/15)             Temple (1/1) D:7           Sewer (visited)

Altars:
Kikubaaqudgha
Ru

Shops:
D:2 [**   D:4 *

Annotations:
D:5 2 transporters, 123deadman's ghost, weakling HuDe


Innate Abilities, Weirdness & Mutations

You have a pair of large horns on your head.
You may rarely emit foul miasma when damaged in melee.
You are partially covered in sharp spines.
You have a small tail.


Message History

* * * LOW HITPOINT WARNING * * *
You turn to flesh and can move again.
Unknown command.
Unknown command.
Unknown command.
You barely miss the basilisk.
The basilisk is severely wounded.
Your +5 mace "Bauciuzif" {spect, rElec rPois} hits the basilisk but does no damage.
The basilisk gazes at you. You resist with some effort.
The gnoll closely misses you.
You barely miss the basilisk.
The basilisk is severely wounded.
Your +5 mace "Bauciuzif" {spect, rElec rPois} closely misses the basilisk.
The basilisk gazes at you.
You are slowing down.
The gnoll hits you but does no damage. The basilisk bites you.
* * * LOW HITPOINT WARNING * * *
Unknown command.
Unknown command.
You completely miss the basilisk. Your headbutt misses the basilisk.
The basilisk is severely wounded.
Your +5 mace "Bauciuzif" {spect, rElec rPois} hits the basilisk.
The gnoll barely misses you. The basilisk bites you.
* * * LOW HITPOINT WARNING * * *
Your limbs are stiffening.
Unknown command.
You closely miss the basilisk. Your headbutt misses the basilisk.
The basilisk is severely wounded.
Your +5 mace "Bauciuzif" {spect, rElec rPois} barely misses the basilisk.
The gnoll hits you from afar with a +0 spear.
* * * LOW HITPOINT WARNING * * *
The basilisk bites you!
* * * LOW HITPOINT WARNING * * *
The gnoll hits you but does no damage. The basilisk gazes at you.
You resist with some effort.
You have turned to stone.
The gnoll hits you from afar with a +0 spear.
* * * LOW HITPOINT WARNING * * *
The basilisk is struck by your spines. The basilisk bites you!
You die...

.... .... ... ... ....
# #..## #.# ..# ####.
...#####.###..## .....#
.#..............
....###...............
#...#...#............
#())..#......##....#
##)@)#####..###....#
#.§l)g#......#.....#
#...#)..#$....#.....#
.....###........#....>#
#....#
#.#.......#.....# ##...
#o)...##..##'#### #..
#g.#..######..###
...gg.g........ #......
......g..$......#......


You could see a basilisk and a gnoll.

Vanquished Creatures
  2 orc warriors
  2 ice beasts
  2 ogres
  2 kobold brigands
  2 phantoms (D:4)
  2 bullfrogs
  A gnoll sergeant (D:6)
  4 scorpions
  A howler monkey (D:4)
  An orc priest (D:5)
  2 hounds
  3 jellies (D:6)
  Crazy Yiuf (D:3)
  3 sleepcaps
  3 iguanas
  2 orc wizards (D:6)
  Robin (D:3)
  9 gnolls
  7 adders
  A white imp (D:5)
  3 ufetubi
  6 worms
  5 dart slugs
  20 orcs
  7 bats
  5 endoplasms
  A giant cockroach (D:1)
  9 goblins
  6 hobgoblins
  8 jackals
  4 quokkas
  7 ball pythons
  5 frilled lizards
  14 kobolds
  9 rats
160 creatures vanquished.

Vanquished Creatures (others)
  A human (D:3)
  2 fungi (D:3)
3 creatures vanquished.

Grand Total: 163 creatures vanquished

Notes
Turn   | Place    | Note
-------+----------+-------------------------------------------
     0 | D:1      | Hubris850 the Demonspawn Gladiator began the quest for the
                  | Orb.
     0 | D:1      | Reached XP level 1. HP: 16/16 MP: 1/1
   103 | D:1      | Reached skill level 2 in Throwing
   106 | D:1      | Discovered your monstrous ancestry.
   106 | D:1      | Gained mutation: You have a small tail. [demonic ancestry]
   106 | D:1      | Reached XP level 2. HP: 22/22 MP: 2/2
   329 | D:1      | Reached XP level 3. HP: 28/28 MP: 3/3
   922 | D:2      | Found Mietet's General Store.
   933 | D:2      | Bought a scroll of identify for 24 gold pieces
   937 | D:2      | Found a faded altar of an unknown god.
  1027 | D:2      | Found Ibbaog's Antique Armour Shop.
  1033 | D:2      | Found Weomp's General Store.
  1051 | D:2      | Bought a potion of might for 56 gold pieces
  1480 | D:3      | Found an ancient bone altar of Kikubaaqudgha.
  1480 | D:3      | Noticed a human
  1483 | D:3      | Killed a human
  1484 | D:3      | Identified the +5 mace "Bauciuzif" {spect, rElec rPois}
  1738 | D:3      | Noticed Robin
  1742 | D:3      | Gained mutation: You have a pair of small horns on your
                  | head. [demonic ancestry]
  1742 | D:3      | Reached XP level 4. HP: 26/34 MP: 4/4
  1759 | D:3      | Killed Robin
  1760 | D:3      | Reached skill level 1 in Armour
  1847 | D:3      | Found a glowing drain.
  1857 | Sewer    | Entered a sewer
  1926 | Sewer    | Noticed a kobold brigand
  1937 | Sewer    | Killed a kobold brigand
  1938 | Sewer    | Reached skill level 1 in Maces & Flails
  1938 | Sewer    | Gained mutation: You may rarely emit foul miasma when
                  | damaged in melee. [demonic ancestry]
  1938 | Sewer    | Reached XP level 5. HP: 40/41 MP: 5/5
  2458 | D:3      | Found a runed translucent door.
  2459 | D:3      | Noticed Crazy Yiuf
  2467 | D:3      | Killed Crazy Yiuf
  2469 | D:3      | Identified the +5 hammer of Earthquakes {heavy, rC+ Int+5
                  | Dex-4}
  2694 | D:4      | Reached skill level 3 in Throwing
  2725 | D:4      | Reached XP level 6. HP: 47/47 MP: 6/6
  2896 | D:4      | Found a sacrificial altar of Ru.
  2938 | D:4      | Found Wimmori's Lightly-Used Armoury.
  3035 | D:4      | Gained mutation: You have a pair of horns on your head.
                  | [demonic ancestry]
  3035 | D:4      | Reached XP level 7. HP: 53/53 MP: 7/7
  3338 | D:5      | Entered Level 5 of the Dungeon
  3683 | D:5      | Reached skill level 4 in Throwing
  3769 | D:5      | Found a transporter.
  3770 | D:5      | Found a transporter.
  3770 | D:5      | Noticed 123deadman's ghost (weakling HuDe)
  3821 | D:5      | Noticed a hornet
  4214 | D:6      | Gained mutation: You have a pair of large horns on your
                  | head. [demonic ancestry]
  4214 | D:6      | Reached XP level 8. HP: 28/60 MP: 8/8
  4283 | D:6      | Reached skill level 5 in Throwing
  4562 | D:6      | Reached skill level 5 in Maces & Flails
  4661 | D:6      | Reached skill level 6 in Throwing
  5037 | D:7      | Found a staircase to the Ecumenical Temple.
  5055 | Temple   | Entered the Ecumenical Temple
  5058 | Temple   | Gained mutation: You are partially covered in sharp spines.
                  | [demonic ancestry]
  5058 | Temple   | Reached XP level 9. HP: 65/65 MP: 9/9
  5179 | D:7      | HP: 3/65 [basilisk (5)]
  5180 | D:7      | Slain by a basilisk

Illustrated notes

Levels and vault maps discovered:
D:1:      dpeg_arrival_arbitrary_b, layout_loops_ring
D:2:      layout_loops_ring, serial_shops, nicolae_shop_advertising_works
          [nicolae_subvault_shop_adworks], shop, shop_coins,
          basic_ecumenical_altar
D:3:      layout_loops_ring, tgw_kikubaaqudgha, cheibrodos_sewer_entry_bend,
          uniq_robin, uniq_crazy_yiuf_cottage
D:4:      layout_loops_cross, old_standard_altar, lemuel_round_altar,
          minmay_shop_damaged, minmay_ruptured
D:5:      layout_cave_pods, gammafunk_ghost_hive,
          eino_small_chamber_without_monster
D:6:      layout_loops_ring, st_stairs_12
D:7:      layout_gridville, marbit_many_paths, minmay_temple_entry_arrows,
          minmay_a_box_with_orc_wizards_in_it
Temple:   minmay_temple_curvy_branch

Skill      XL: |  1  2  3  4  5  6  7  8 |
---------------+-------------------------+-----
Throwing       | 2 3 4 6 |  6.5
Axes           | 3 |  3.1
Dodging        | 3 4 |  4.0
Armour         | 1 2 3 4 |  4.0
Fighting       | 3 4 |  4.0
Maces & Flails | 1 2 3 5 |  5.9

Action                     |  1- 3 |  4- 6 |  7- 9 || total
---------------------------+-------+-------+-------++-------
  Melee: War axe           |    90 |       |       ||    90
         Tailslap          |     8 |    15 |    19 ||    42
         Mace              |    15 |   103 |   130 ||   248
         Punch             |     1 |     3 |     3 ||     7
         Headbutt          |       |    29 |    30 ||    59
  Throw: Dart              |       |       |     4 ||     4
         Boomerang         |       |       |    10 ||    10
  Evoke: Wand              |       |       |     1 ||     1
    Use: Scroll            |     5 |     1 |     1 ||     7
   Stab: Sleeping          |       |       |     5 ||     5
         Distracted        |       |       |     2 ||     2
 Armour: Leather armour    |    20 |       |       ||    20
         Ring mail         |    34 |    33 |    89 ||   156
  Dodge: Dodged            |    81 |    61 |   107 ||   249

Table legend: (Time is in decaauts)
 A = Elapsed time spent in this place.
 B = Non-inter-level travel time spent in this place.
 C = Inter-level travel time spent in this place.
 D = Time resting spent in this place.
 E = Time spent auto-exploring this place.
 F = Levels seen in this place.
 G = Mean time per level.
                   A        B        C        D        E       F      G
               +--------+--------+--------+--------+--------+-----+--------+
         Total |   5345 |   5198 |    147 |    284 |   3544 |   9 |  593.9 |
       Dungeon |   4833 |   4686 |    147 |    184 |   3343 |   7 |  690.4 |
        Temple |    106 |    106 |      0 |    100 |      0 |   1 |  106.0 |
         Sewer |    405 |    405 |      0 |      0 |    201 |   1 |  405.0 |
               +--------+--------+--------+--------+--------+-----+--------+

Top non-repeatable levels by time:
     D:3: 962 daAuts
     D:6: 833 daAuts
     D:5: 825 daAuts
     D:1: 757 daAuts
     D:2: 679 daAuts
     D:4: 675 daAuts
   Sewer: 405 daAuts
  Temple: 106 daAuts
     D:7: 99 daAuts
